 Dungeon Crawl Stone Soup version 0.28.0-43-g3370ac3207 (webtiles) character file.

Game seed: 13835666703381532235

86 pkoi the Chiller (level 4, -1/27 HPs)
             Began as an Octopode Ice Elementalist on Mar 17, 2022.
             Slain by a quokka (3 damage)
             ... on level 3 of the Dungeon.
             The game lasted 00:02:25 (2913 turns).

pkoi the Chiller (Octopode Ice Elementalist)        Turns: 2913, Time: 00:02:25

Health: -1/27      AC:  1    Str:  7    XL:     4   Next: 50%
Magic:  3/7        EV: 13    Int: 19    God:
Gold:   96         SH:  0    Dex: 12    Spells: 3/7 levels left

rFire   . . .      SeeInvis .   a - +0 whip
rCold   . . .      Faith    .   (no shield)
rNeg    . . .      Spirit   .   (helmet restricted)
rPois   .          Reflect  .   (no amulet)
rElec   .          Harm     .   (no ring)
rCorr   .          Rampage  .   (no ring)
Will    .....                   (no ring)
Stlth   +++.......              (no ring)
HPRegen 0.09/turn               (no ring)
MPRegen 0.10/turn               (no ring)
                                (no ring)
                                (no ring)

@: no status effects
A: almost no armour, amphibious, 8 rings, camouflage 1, gelatinous body 1,
(nimble swimmer 1), tentacles
a: no special abilities


You were on level 3 of the Dungeon.
You visited 1 branch of the dungeon, and saw 3 of its levels.

You collected 96 gold pieces.

Inventory:

Hand Weapons
 a - a +0 whip (weapon)
 i - a +0 dagger
Missiles
 h - 2 poisoned darts
Wands
 e - a wand of mindburst (12)
Scrolls
 c - a scroll of identify {unknown}
 f - a scroll of teleportation {unknown}
 g - a scroll of noise {unknown}
Potions
 b - 2 potions of brilliance {unknown}
 d - 3 potions of curing {unknown}


   Skills:
 - Level 2.0 Dodging
 - Level 2.6 Stealth
 - Level 2.0 Spellcasting
 * Level 5.6 Ice Magic
 - Level 1.2 Evocations


You had 3 spell levels left.
You knew the following spells:

 Your Spells              Type           Power      Damage    Failure   Level
a - Freeze                Ice            92%        1d10      1%          1
b - Frozen Ramparts       Ice            46%        1d6       4%          3

Your spell library contained the following spells:

 Spells                   Type           Power      Damage    Failure   Level
 Ozocubu's Armour         Ice            23%        N/A       4%          3
 Hailstorm                Conj/Ice       12%        3d5       47%         4
 Olgreb's Toxic Radiance  Pois           1%         N/A       86%         4
 Ozocubu's Refrigeration  Ice            11%        4d7       100%        7
 Ignition                 Fire           0%         3d3       100%        8


Dungeon Overview and Level Annotations

Branches:
Dungeon (3/15)

Altars:
Okawaru


Innate Abilities, Weirdness & Mutations

You cannot wear most types of armour.
You are amphibious.
You can wear up to eight rings at the same time.
Your skin changes colour to match your surroundings (Stealth+).
Your rubbery body absorbs attacks. (AC +1, EV +1)
((You are camouflaged when in or above water. (Stealth+)))
You have tentacles for arms and can constrict up to eight enemies at once.


Message History

* * * LOW HITPOINT WARNING * * *
The goblin moves out of view.
An orc comes into view. It is wielding a +0 club.
You are too injured to fight recklessly!
You are too injured to fight recklessly!
Aiming: Freeze (safe; 1% risk of failure)
Press: ? - help, Q - select action, (/) - cycle Shift-Dir - straight line, f - shadow imp
Aim: a shadow imp You freeze the shadow imp.
The shadow imp resists.
The shadow imp is lightly wounded.
The orc shouts!
You hear a shout!
The shadow imp closely misses you.
Aiming: Freeze (safe; 1% risk of failure)
Press: ? - help, Q - select action, (/) - cycle Shift-Dir - straight line, f/p - shadow imp
Aim: a shadow imp (lightly wounded)
You freeze the shadow imp but do no damage.
The shadow imp completely resists.
The shadow imp hits you.
* * * LOW HITPOINT WARNING * * *
A giant cockroach comes into view.
Aiming: Freeze (safe; 1% risk of failure)
Press: ? - help, Q - select action, (/) - cycle Shift-Dir - straight line, f/p - shadow imp
Aim: a shadow imp (lightly wounded)
You freeze the shadow imp but do no damage.
The shadow imp completely resists.
The shadow imp shouts, "Turn tail, thou beslubbering toad-spotted harpy!"
The shadow imp hits you.
* * * LOW HITPOINT WARNING * * *
Aiming: Freeze (safe; 1% risk of failure)
Press: ? - help, Q - select action, (/) - cycle Shift-Dir - straight line, f/p - shadow imp
Aim: a shadow imp (lightly wounded)
You freeze the shadow imp.
The shadow imp resists.
The shadow imp is moderately wounded.
The quokka bites you.
* * * LOW HITPOINT WARNING * * *
The shadow imp closely misses you.
The shadow imp grins evilly.
The quokka bites you.
You die...

. #.# . #.#
########.#####...
..............>..
#
.#####.<#####...
#.## #B# #.#
.###.##@#####
......5r....#
#.....o.....#
#..............
##.............
#...(........#
..............#
.....##.###...#
..... #.# ...#


You could see a shadow imp, an orc, a quokka and a giant cockroach.

Vanquished Creatures
  A hound (D:2)
  A worm (D:2)
  A dart slug (D:1)
  3 bats
  4 endoplasms
  2 giant cockroaches (D:2)
  7 goblins
  A hobgoblin (D:1)
  7 jackals (D:2)
  3 quokkas
  6 ball pythons
  3 frilled lizards
  6 kobolds
  6 rats
51 creatures vanquished.

Notes
Turn   | Place    | Note
-------+----------+-------------------------------------------
     0 | D:1      | pkoi the Octopode Ice Elementalist began the quest for the
                  | Orb.
     0 | D:1      | Reached XP level 1. HP: 11/11 MP: 3/3
   552 | D:1      | Reached XP level 2. HP: 16/17 MP: 0/5
   920 | D:1      | Reached XP level 3. HP: 13/21 MP: 4/6
  1134 | D:1      | Learned a level 3 spell: Frozen Ramparts
  1202 | D:1      | Reached skill level 5 in Ice Magic
  1602 | D:2      | Found an iron altar of Okawaru.
  1768 | D:2      | Reached skill level 1 in Evocations
  1768 | D:2      | Reached XP level 4. HP: 16/27 MP: 3/7
  2913 | D:3      | Slain by a quokka

Illustrated notes

Levels and vault maps discovered:
D:1:      moated_graveyard_arrival, layout_basic
D:2:      layout_loops_ring, basic_altar
D:3:      layout_basic, elyvilon_altar_5

Skill      XL: |  1  2  3 |
---------------+----------+-----
Ice Magic      | 5 |  5.6
Evocations     | 1 |  1.2
Dodging        | |  2.0
Stealth        | |  2.6
Spellcasting   | |  2.0

Action                   |  1- 3 |  4- 6 || total
-------------------------+-------+-------++-------
Melee: Whip              |    34 |     9 ||    43
       Constrict         |     9 |     3 ||    12
       Tentacles         |     6 |     1 ||     7
       Punch             |     2 |       ||     2
 Cast: Freeze            |    37 |    17 ||    54
 Stab: Sleeping          |       |     2 ||     2
Armor: Skin              |     7 |       ||     7
Dodge: Dodged            |    34 |    15 ||    49
